2309 views
Uploaded 2022-06-21 00:54:35
Game version 1.32.10
34:10 long 4on4 ladder game on (8)Northshire_LV
Saved by Cabeelibob
2309 views
Uploaded 2022-06-21 00:54:35
Game version 1.32.10
34:10 long 4on4 ladder game on (8)Northshire_LV


195 units @ 22.6k
/ 2.7k
127 buildings @ 22.8k
/ 10.1k


| Rod of Necromancy | 3 | 450 |
| Orb of Corruption | 1 | 375 |
| Scroll of Town Portal | 5 | 1750 |
| total: | 9 | 2575g |
| Acolyte | 21 | 1575 | / | 0 |
| Ghoul | 3 | 360 | / | 0 |
| Crypt Fiend | 9 | 1935 | / | 360 |
| Frost Wyrm | 3 | 1155 | / | 360 |
| Meat Wagon | 2 | 460 | / | 100 |
| total: | 38 | 5485g | / | 820w |
| Spirit Tower | 7 | 1015 | / | 280 |
| Nerubian Tower | 2 | 200 | / | 40 |
| Crypt | 1 | 200 | / | 50 |
| Altar of Darkness | 1 | 180 | / | 50 |
| Ziggurat | 23 | 3450 | / | 1150 |
| Graveyard | 1 | 215 | / | 0 |
| Tomb of Relics | 3 | 390 | / | 90 |
| Necropolis | 5 | 1125 | / | 0 |
| Slaughterhouse | 3 | 420 | / | 405 |
| Boneyard | 3 | 525 | / | 600 |
| Halls of the Dead | 1 | 320 | / | 210 |
| Black Citadel | 1 | 325 | / | 230 |
| total: | 40 | 6505g | / | 2345w |
| 0:04 | Acolyte |
| 0:15 | Crypt |
| 0:20 | Altar of Darkness |
| 0:26 | Ziggurat |
| 0:36 | Acolyte |
| 1:01 | Graveyard |
| 1:15 | Ghoul |
| 1:28 | Tomb of Relics |
| 1:48 | Ziggurat |
| 1:55 | Ghoul |
| 2:09 | Ghoul |
| 2:27 | Death Coil |
| 2:34 | Rod of Necromancy |
| 2:46 | Crypt Fiend |
| 3:09 | Crypt Fiend |
| 3:40 | Crypt Fiend |
| 3:43 | Ziggurat |
| 4:07 | Unholy Aura |
| 4:14 | Halls of the Dead |
| 4:25 | Rod of Necromancy |
| 5:32 | Necropolis |
| 5:48 | Rod of Necromancy |
| 6:13 | Death Coil |
| 6:37 | Black Citadel |
| 6:39 | Creature Carapace |
| 6:40 | Web |
| 7:07 | Acolyte |
| 7:07 | Acolyte |
| 7:07 | Acolyte |
| 7:08 | Acolyte |
| 7:08 | Acolyte |
| 7:39 | Scroll of Town Portal |
| 7:51 | Acolyte |
| 7:52 | Acolyte |
| 8:45 | Crypt Fiend |
| 9:11 | Frost Nova |
| 9:12 | Orb of Corruption |
| 9:23 | Boneyard |
| 9:24 | Boneyard |
| 9:24 | Boneyard |
| 9:26 | Creature Attack |
| 10:02 | Ziggurat |
| 10:06 | Ziggurat |
| 10:40 | Backpack |
| 10:43 | Ziggurat |
| 11:01 | Frost Wyrm |
| 11:35 | Frost Wyrm |
| 12:12 | Spirit Tower |
| 12:17 | Spirit Tower |
| 12:18 | Nerubian Tower |
| 12:18 | Spirit Tower |
| 12:21 | Spirit Tower |
| 13:05 | Tomb of Relics |
| 13:38 | Scroll of Town Portal |
| 13:40 | Scroll of Town Portal |
| 13:56 | Freezing Breath |
| 14:43 | Frost Armor |
| 14:54 | Unholy Aura |
| 15:10 | Ziggurat |
| 15:14 | Frost Wyrm |
| 15:36 | Crypt Fiend |
| 15:37 | Crypt Fiend |
| 18:24 | Slaughterhouse |
| 18:29 | Slaughterhouse |
| 18:31 | Slaughterhouse |
| 18:36 | Ziggurat |
| 20:30 | Necropolis |
| 20:39 | Meat Wagon |
| 20:39 | Meat Wagon |
| 22:09 | Acolyte |
| 23:12 | Acolyte |
| 23:15 | Ziggurat |
| 23:16 | Ziggurat |
| 23:30 | Frost Nova |
| 23:57 | Acolyte |
| 23:57 | Acolyte |
| 23:57 | Acolyte |
| 24:10 | Acolyte |
| 24:44 | Necropolis |
| 24:53 | Necropolis |
| 26:16 | Acolyte |
| 26:16 | Acolyte |
| 26:16 | Acolyte |
| 26:27 | Tomb of Relics |
| 26:30 | Acolyte |
| 28:48 | Crypt Fiend |
| 28:48 | Crypt Fiend |
| 28:48 | Crypt Fiend |
| 29:07 | Scroll of Town Portal |
| 29:08 | Scroll of Town Portal |
| 30:12 | Acolyte |
| 30:13 | Ziggurat |
| 30:14 | Ziggurat |
| 30:16 | Ziggurat |
| 30:45 | Ziggurat |
| 30:46 | Ziggurat |
| 30:48 | Death Coil |
| 30:57 | Spirit Tower |
| 31:03 | Necropolis |
| 31:39 | Spirit Tower |
| 31:41 | Ziggurat |
| 31:42 | Ziggurat |
| 31:43 | Ziggurat |
| 31:44 | Ziggurat |
| 31:45 | Ziggurat |
| 32:28 | Nerubian Tower |
| 32:31 | Spirit Tower |
| 32:35 | Ziggurat |
| 32:36 | Ziggurat |
| 32:37 | Ziggurat |
| 32:43 | Acolyte |
| Right click | 1216 |
| Select group | 945 |
| Select | 349 |
| Build/train/purchase | 92 |
| Use ability | 47 |
| Assign group | 31 |
| Misc. action | 19 |
| Item give/drop | 5 |
| Minimap ping | 5 |
| Chat | 5 |
| Remove unit | 3 |
| Esc | 3 |

| Scroll of Town Portal | 1 | 350 |
| Orb of Corruption | 1 | 375 |
| total: | 2 | 725g |
| Wisp | 21 | 1260 | / | 0 |
| Archer | 6 | 780 | / | 60 |
| Hippogryph | 7 | 1120 | / | 140 |
| Goblin Shredder | 1 | 375 | / | 100 |
| total: | 35 | 3535g | / | 300w |
| Ancient Protector | 4 | 540 | / | 320 |
| Tree of Life | 1 | 340 | / | 185 |
| Altar of Elders | 1 | 180 | / | 50 |
| Moon Well | 4 | 720 | / | 160 |
| Ancient of War | 1 | 150 | / | 60 |
| Hunter's Hall | 1 | 210 | / | 100 |
| Ancient of Wonders | 1 | 90 | / | 30 |
| Ancient of Wind | 1 | 150 | / | 140 |
| Chimaera Roost | 5 | 700 | / | 950 |
| Tree of Ages | 1 | 320 | / | 180 |
| Tree of Eternity | 2 | 660 | / | 400 |
| total: | 19 | 3080g | / | 1995w |
| 0:05 | Wisp |
| 0:05 | Wisp |
| 0:05 | Wisp |
| 0:05 | Wisp |
| 0:16 | Wisp |
| 0:16 | Wisp |
| 0:17 | Wisp |
| 0:23 | Wisp |
| 0:40 | Wisp |
| 0:50 | Tree of Life |
| 1:02 | Wisp |
| 1:20 | Altar of Elders |
| 1:33 | Moon Well |
| 2:06 | Ancient of War |
| 2:15 | Wisp |
| 2:28 | Wisp |
| 2:40 | Moon Well |
| 2:46 | Wisp |
| 2:46 | Wisp |
| 2:55 | Wisp |
| 3:12 | Archer |
| 3:15 | Wisp |
| 3:30 | Force of Nature |
| 3:55 | Archer |
| 3:57 | Tree of Ages |
| 4:37 | Archer |
| 4:37 | Archer |
| 5:19 | Archer |
| 6:00 | Hunter's Hall |
| 6:18 | Entangling Roots |
| 6:18 | Force of Nature |
| 6:26 | Improved Bows |
| 6:33 | Ancient of Wind |
| 6:36 | Wisp |
| 6:53 | Tree of Eternity |
| 7:25 | Archer |
| 7:38 | Ancient of Wonders |
| 8:05 | Goblin Shredder |
| 8:21 | Ancient Protector |
| 8:22 | Wisp |
| 8:41 | Ancient Protector |
| 8:45 | Ancient Protector |
| 9:19 | Wisp |
| 9:19 | Wisp |
| 9:25 | Chimaera Roost |
| 9:30 | Chimaera Roost |
| 9:32 | Wisp |
| 9:38 | Chimaera Roost |
| 9:54 | Moon Well |
| 9:55 | Moon Well |
| 10:02 | Chimaera Roost |
| 10:05 | Chimaera Roost |
| 10:18 | Reinforced Hides |
| 10:39 | Well Spring |
| 11:14 | Corrosive Breath |
| 11:54 | Strength of the Wild |
| 12:08 | Hippogryph |
| 12:08 | Hippogryph |
| 12:08 | Hippogryph |
| 12:08 | Hippogryph |
| 12:08 | Hippogryph |
| 12:08 | Hippogryph |
| 12:09 | Hippogryph |
| 12:16 | Ancient Protector |
| 12:22 | Scroll of Town Portal |
| 12:25 | Orb of Corruption |
| Right click | 430 |
| Select group | 308 |
| Select | 170 |
| Build/train/purchase | 54 |
| Assign group | 22 |
| Misc. action | 16 |
| Use ability | 16 |
| Remove unit | 6 |
| Esc | 2 |
| Item give/drop | 1 |

| Scroll of Town Portal | 1 | 350 |
| total: | 1 | 350g |
| Wisp | 49 | 2940 | / | 0 |
| Archer | 14 | 1820 | / | 140 |
| Hippogryph | 7 | 1120 | / | 140 |
| Glaive Thrower | 7 | 1470 | / | 455 |
| total: | 77 | 7350g | / | 735w |
| Altar of Elders | 1 | 180 | / | 50 |
| Moon Well | 10 | 1800 | / | 400 |
| Ancient of War | 5 | 750 | / | 300 |
| Hunter's Hall | 1 | 210 | / | 100 |
| Tree of Life | 11 | 3740 | / | 2035 |
| Ancient of Wind | 2 | 300 | / | 280 |
| Tree of Ages | 1 | 320 | / | 180 |
| Tree of Eternity | 1 | 330 | / | 200 |
| total: | 30 | 6980g | / | 3165w |
| 0:01 | Wisp |
| 0:01 | Wisp |
| 0:06 | Altar of Elders |
| 0:21 | Moon Well |
| 0:27 | Wisp |
| 0:40 | Wisp |
| 0:44 | Wisp |
| 0:52 | Wisp |
| 1:19 | Wisp |
| 1:31 | Wisp |
| 1:41 | Ancient of War |
| 1:43 | Ancient of War |
| 1:48 | Wisp |
| 1:58 | Moon Well |
| 2:07 | Wisp |
| 2:12 | Searing Arrows |
| 2:25 | Moon Well |
| 2:27 | Wisp |
| 2:28 | Wisp |
| 2:49 | Archer |
| 3:20 | Archer |
| 3:40 | Archer |
| 3:42 | Tree of Ages |
| 3:54 | Archer |
| 4:25 | Trueshot Aura |
| 4:26 | Archer |
| 4:38 | Hunter's Hall |
| 4:50 | Archer |
| 5:05 | Moon Well |
| 5:41 | Archer |
| 6:25 | Tree of Life |
| 6:35 | Tree of Eternity |
| 6:45 | Ancient of Wind |
| 7:06 | Trueshot Aura |
| 7:10 | Improved Bows |
| 7:18 | Archer |
| 7:52 | Archer |
| 7:54 | Strength of the Moon |
| 9:17 | Scout |
| 9:19 | Marksmanship |
| 9:21 | Improved Strength of the Moon |
| 9:21 | Archer |
| 9:22 | Archer |
| 10:05 | Archer |
| 10:09 | Hippogryph |
| 10:11 | Wisp |
| 10:11 | Wisp |
| 10:11 | Wisp |
| 10:11 | Wisp |
| 10:12 | Wisp |
| 10:52 | Wisp |
| 10:52 | Wisp |
| 10:52 | Wisp |
| 11:23 | Archer |
| 11:33 | Moon Well |
| 11:40 | Tree of Life |
| 12:12 | Scroll of Town Portal |
| 13:02 | Archer |
| 13:10 | Hippogryph |
| 13:10 | Hippogryph |
| 13:10 | Hippogryph |
| 13:11 | Hippogryph |
| 13:11 | Hippogryph |
| 13:11 | Hippogryph |
| 13:13 | Ancient of Wind |
| 14:14 | Tree of Life |
| 14:57 | Tree of Life |
| 15:26 | Tree of Life |
| 15:32 | Tree of Life |
| 16:41 | Wisp |
| 16:41 | Wisp |
| 16:41 | Wisp |
| 17:30 | Tree of Life |
| 17:35 | Tree of Life |
| 19:20 | Tree of Life |
| 20:03 | Wisp |
| 20:03 | Wisp |
| 20:03 | Wisp |
| 20:54 | Tree of Life |
| 20:59 | Wisp |
| 20:59 | Wisp |
| 20:59 | Wisp |
| 20:59 | Wisp |
| 21:00 | Wisp |
| 21:04 | Tree of Life |
| 21:17 | Ancient of War |
| 21:22 | Wisp |
| 21:22 | Wisp |
| 21:22 | Wisp |
| 21:22 | Wisp |
| 21:22 | Wisp |
| 21:25 | Wisp |
| 22:01 | Wisp |
| 22:01 | Wisp |
| 22:01 | Wisp |
| 22:01 | Wisp |
| 22:02 | Wisp |
| 22:07 | Ancient of War |
| 22:11 | Ancient of War |
| 22:12 | Wisp |
| 22:12 | Wisp |
| 22:21 | Glaive Thrower |
| 22:21 | Glaive Thrower |
| 22:22 | Glaive Thrower |
| 22:22 | Glaive Thrower |
| 22:22 | Glaive Thrower |
| 23:43 | Glaive Thrower |
| 23:58 | Glaive Thrower |
| 24:03 | Wisp |
| 24:04 | Wisp |
| 24:04 | Wisp |
| 24:04 | Wisp |
| 24:05 | Wisp |
| 24:56 | Moon Well |
| 24:57 | Moon Well |
| 24:59 | Moon Well |
| 27:13 | Moon Well |
| 27:13 | Moon Well |
| Right click | 828 |
| Select | 497 |
| Select group | 369 |
| Misc. action | 165 |
| Build/train/purchase | 128 |
| Minimap ping | 22 |
| Assign group | 13 |
| Esc | 7 |
| Use ability | 6 |
⇛
Vettro
(34:06) : 

| Rod of Necromancy | 2 | 300 |
| Sacrificial Skull | 1 | 50 |
| Potion of Healing | 2 | 300 |
| Orb of Corruption | 2 | 750 |
| Scroll of Town Portal | 5 | 1750 |
| total: | 12 | 3150g |
| Acolyte | 25 | 1875 | / | 0 |
| Ghoul | 5 | 600 | / | 0 |
| Crypt Fiend | 9 | 1935 | / | 360 |
| Frost Wyrm | 3 | 1155 | / | 360 |
| Meat Wagon | 3 | 690 | / | 150 |
| total: | 45 | 6255g | / | 870w |
| Nerubian Tower | 1 | 100 | / | 20 |
| Spirit Tower | 11 | 1595 | / | 440 |
| Ziggurat | 18 | 2700 | / | 900 |
| Altar of Darkness | 1 | 180 | / | 50 |
| Crypt | 1 | 200 | / | 50 |
| Graveyard | 1 | 215 | / | 0 |
| Tomb of Relics | 1 | 130 | / | 30 |
| Necropolis | 4 | 900 | / | 0 |
| Sacrificial Pit | 1 | 75 | / | 150 |
| Slaughterhouse | 2 | 280 | / | 270 |
| Temple of the Damned | 2 | 310 | / | 280 |
| Boneyard | 2 | 350 | / | 400 |
| Halls of the Dead | 2 | 640 | / | 420 |
| Black Citadel | 2 | 650 | / | 460 |
| Ancient Protector | 4 | 540 | / | 320 |
| Tree of Life | 1 | 340 | / | 185 |
| total: | 38 | 6220g | / | 2635w |
| 0:04 | Acolyte |
| 0:04 | Acolyte |
| 0:04 | Acolyte |
| 0:05 | Acolyte |
| 0:08 | Ziggurat |
| 0:18 | Altar of Darkness |
| 0:42 | Crypt |
| 1:06 | Graveyard |
| 1:18 | Tomb of Relics |
| 1:32 | Ziggurat |
| 1:46 | Ghoul |
| 1:55 | Ghoul |
| 2:07 | Ghoul |
| 2:18 | Death Coil |
| 2:20 | Ghoul |
| 2:34 | Rod of Necromancy |
| 2:47 | Ghoul |
| 3:02 | Ziggurat |
| 3:22 | Crypt Fiend |
| 3:44 | Crypt Fiend |
| 3:49 | Unholy Aura |
| 4:04 | Rod of Necromancy |
| 4:05 | Sacrificial Skull |
| 4:47 | Ziggurat |
| 5:15 | Necropolis |
| 5:17 | Ziggurat |
| 5:24 | Ziggurat |
| 5:31 | Death Coil |
| 5:48 | Halls of the Dead |
| 6:10 | Crypt Fiend |
| 6:54 | Acolyte |
| 6:54 | Acolyte |
| 6:54 | Acolyte |
| 6:55 | Acolyte |
| 7:00 | Creature Attack |
| 7:04 | Creature Carapace |
| 7:41 | Nerubian Tower |
| 7:43 | Spirit Tower |
| 7:44 | Ziggurat |
| 8:08 | Black Citadel |
| 8:34 | Web |
| 9:12 | Scroll of Town Portal |
| 9:13 | Potion of Healing |
| 9:18 | Frost Nova |
| 9:20 | Crypt Fiend |
| 9:20 | Crypt Fiend |
| 9:24 | Spirit Tower |
| 9:26 | Spirit Tower |
| 9:29 | Ziggurat |
| 10:00 | Spirit Tower |
| 10:37 | Boneyard |
| 10:39 | Boneyard |
| 10:55 | Improved Creature Attack |
| 10:56 | Improved Creature Carapace |
| 11:47 | Unholy Aura |
| 12:50 | Spirit Tower |
| 12:51 | Acolyte |
| 13:08 | Ziggurat |
| 13:14 | Orb of Corruption |
| 13:15 | Scroll of Town Portal |
| 13:20 | Crypt Fiend |
| 13:20 | Crypt Fiend |
| 13:26 | Acolyte |
| 13:36 | Acolyte |
| 13:45 | Sacrificial Pit |
| 13:50 | Acolyte |
| 14:09 | Freezing Breath |
| 14:10 | Frost Wyrm |
| 14:10 | Frost Wyrm |
| 14:28 | Necropolis |
| 15:09 | Burrow |
| 16:18 | Acolyte |
| 16:21 | Acolyte |
| 16:23 | Acolyte |
| 16:49 | Acolyte |
| 16:49 | Acolyte |
| 17:45 | Crypt Fiend |
| 17:45 | Crypt Fiend |
| 18:21 | Slaughterhouse |
| 18:22 | Slaughterhouse |
| 18:57 | Scroll of Town Portal |
| 19:02 | Potion of Healing |
| 19:06 | Orb of Corruption |
| 19:08 | Frost Wyrm |
| 20:03 | Disease Cloud |
| 20:04 | Meat Wagon |
| 20:04 | Meat Wagon |
| 20:06 | Exhume Corpses |
| 20:50 | Meat Wagon |
| 20:52 | Advanced Creature Carapace |
| 20:52 | Advanced Creature Attack |
| 22:17 | Temple of the Damned |
| 22:18 | Temple of the Damned |
| 22:33 | Necropolis |
| 24:09 | Necromancer Adept Training |
| 24:09 | Skeletal Mastery |
| 24:18 | Ziggurat |
| 24:19 | Ziggurat |
| 24:21 | Ziggurat |
| 24:23 | Ziggurat |
| 25:11 | Spirit Tower |
| 25:17 | Scroll of Town Portal |
| 25:40 | Acolyte |
| 25:40 | Acolyte |
| 25:40 | Acolyte |
| 26:07 | Acolyte |
| 26:07 | Acolyte |
| 26:07 | Acolyte |
| 26:34 | Spirit Tower |
| 26:35 | Acolyte |
| 26:35 | Acolyte |
| 26:51 | Ziggurat |
| 27:57 | Spirit Tower |
| 27:59 | Ziggurat |
| 28:00 | Ziggurat |
| 28:00 | Ziggurat |
| 28:01 | Ziggurat |
| 28:31 | Scroll of Town Portal |
| 29:16 | Spirit Tower |
| 30:01 | Ancient Protector |
| 30:02 | Ancient Protector |
| 30:04 | Ancient Protector |
| 30:05 | Ancient Protector |
| 32:03 | Necropolis |
| 32:19 | Tree of Life |
| 33:18 | Necromancer Master Training |
| Right click | 1832 |
| Select | 308 |
| Select group | 147 |
| Build/train/purchase | 116 |
| Use ability | 59 |
| Assign group | 46 |
| Misc. action | 24 |
| Remove unit | 7 |
| Item give/drop | 6 |
| Resource trade | 5 |
| Minimap ping | 2 |
117 units @ 11.5k
/ 1.6k
143 buildings @ 11.2k
/ 5.1k


| Peasant | 10 | 750 | / | 0 |
| Flying Machine | 28 | 2800 | / | 840 |
| Dragonhawk Rider | 8 | 1600 | / | 240 |
| total: | 46 | 5150g | / | 1080w |
| Scout Tower | 1 | 30 | / | 20 |
| Guard Tower | 1 | 70 | / | 50 |
| Altar of Kings | 1 | 180 | / | 50 |
| Farm | 16 | 1280 | / | 320 |
| Lumber Mill | 1 | 120 | / | 0 |
| Blacksmith | 1 | 140 | / | 60 |
| Arcane Vault | 1 | 130 | / | 30 |
| Workshop | 4 | 560 | / | 560 |
| Gryphon Aviary | 1 | 140 | / | 150 |
| Keep | 1 | 320 | / | 210 |
| Castle | 2 | 720 | / | 420 |
| total: | 26 | 2580g | / | 1190w |
| 0:04 | Peasant |
| 0:04 | Peasant |
| 0:07 | Altar of Kings |
| 0:10 | Farm |
| 0:12 | Farm |
| 0:24 | Peasant |
| 0:30 | Peasant |
| 0:45 | Peasant |
| 0:59 | Peasant |
| 1:16 | Peasant |
| 1:25 | Farm |
| 1:27 | Lumber Mill |
| 1:37 | Farm |
| 1:44 | Scout Tower |
| 1:55 | Peasant |
| 1:55 | Peasant |
| 1:55 | Peasant |
| 2:10 | Storm Bolt |
| 2:26 | Guard Tower |
| 2:40 | Keep |
| 2:46 | Blacksmith |
| 4:03 | Black Gunpowder |
| 4:53 | Farm |
| 4:54 | Farm |
| 5:01 | Castle |
| 5:07 | Workshop |
| 5:16 | Workshop |
| 5:30 | Workshop |
| 5:37 | Workshop |
| 5:47 | Refined Gunpowder |
| 5:51 | Improved Lumber Harvesting |
| 6:14 | Flak Cannons |
| 6:15 | Flying Machine |
| 6:15 | Flying Machine |
| 6:21 | Farm |
| 6:27 | Farm |
| 6:32 | Farm |
| 6:39 | Flying Machine |
| 6:44 | Holy Light |
| 6:54 | Flying Machine |
| 6:55 | Flying Machine |
| 6:55 | Flying Machine |
| 6:57 | Flying Machine |
| 6:57 | Flying Machine |
| 7:02 | Iron Plating |
| 7:09 | Gryphon Aviary |
| 7:22 | Arcane Vault |
| 7:31 | Farm |
| 7:35 | Flying Machine Bombs |
| 7:37 | Flying Machine |
| 7:38 | Flying Machine |
| 7:46 | Improved Masonry |
| 7:50 | Imbued Gunpowder |
| 8:00 | Flying Machine |
| 8:01 | Flying Machine |
| 8:13 | Flying Machine |
| 8:19 | Farm |
| 8:28 | Flying Machine |
| 8:28 | Flying Machine |
| 8:51 | Advanced Masonry |
| 9:02 | Cloud |
| 9:03 | Flying Machine |
| 9:09 | Fragmentation Shards |
| 9:26 | Dragonhawk Rider |
| 9:26 | Dragonhawk Rider |
| 9:32 | Farm |
| 9:34 | Farm |
| 9:41 | Farm |
| 9:46 | Flying Machine |
| 9:47 | Flying Machine |
| 10:46 | Flying Machine |
| 10:46 | Flying Machine |
| 10:46 | Flying Machine |
| 11:22 | Farm |
| 11:24 | Farm |
| 13:14 | Divine Shield |
| 15:42 | Storm Bolt |
| 18:24 | Flying Machine |
| 18:24 | Flying Machine |
| 18:24 | Flying Machine |
| 18:26 | Dragonhawk Rider |
| 18:26 | Dragonhawk Rider |
| 18:27 | Dragonhawk Rider |
| 19:18 | Flying Machine |
| 19:18 | Flying Machine |
| 20:46 | Holy Light |
| 30:15 | Bash |
| 31:00 | Dragonhawk Rider |
| 31:00 | Dragonhawk Rider |
| 31:06 | Flying Machine |
| 31:06 | Flying Machine |
| 31:08 | Dragonhawk Rider |
| 31:44 | Divine Shield |
| 33:57 | Divine Shield |
| Select group | 2235 |
| Right click | 2190 |
| Select | 321 |
| Build/train/purchase | 90 |
| Assign group | 27 |
| Minimap ping | 23 |
| Use ability | 17 |
| Misc. action | 1 |
whitnasty
(6)
(34:09) : 


| Peasant | 23 | 1725 | / | 0 |
| total: | 23 | 1725g | / | 0w |
| Scout Tower | 48 | 1440 | / | 960 |
| Guard Tower | 32 | 2240 | / | 1600 |
| Altar of Kings | 2 | 360 | / | 100 |
| Farm | 9 | 720 | / | 180 |
| Lumber Mill | 1 | 120 | / | 0 |
| Town Hall | 3 | 1155 | / | 615 |
| Keep | 1 | 320 | / | 210 |
| Castle | 1 | 360 | / | 210 |
| total: | 63 | 3795g | / | 1855w |
| 0:02 | Peasant |
| 0:02 | Peasant |
| 0:10 | Altar of Kings |
| 0:14 | Peasant |
| 0:36 | Farm |
| 0:39 | Peasant |
| 1:04 | Peasant |
| 1:04 | Peasant |
| 1:19 | Peasant |
| 1:24 | Farm |
| 1:28 | Scout Tower |
| 1:36 | Peasant |
| 1:51 | Scout Tower |
| 1:54 | Peasant |
| 2:12 | Lumber Mill |
| 2:38 | Storm Bolt |
| 2:53 | Peasant |
| 2:53 | Peasant |
| 2:58 | Farm |
| 3:14 | Improved Lumber Harvesting |
| 3:14 | Improved Masonry |
| 3:21 | Peasant |
| 3:34 | Guard Tower |
| 3:35 | Guard Tower |
| 3:42 | Peasant |
| 3:43 | Peasant |
| 3:48 | Farm |
| 4:15 | Keep |
| 4:31 | Scout Tower |
| 4:32 | Scout Tower |
| 4:32 | Scout Tower |
| 4:33 | Scout Tower |
| 4:34 | Scout Tower |
| 4:35 | Scout Tower |
| 4:36 | Scout Tower |
| 4:37 | Scout Tower |
| 4:38 | Scout Tower |
| 4:39 | Scout Tower |
| 4:39 | Scout Tower |
| 5:01 | Guard Tower |
| 5:02 | Guard Tower |
| 5:12 | Guard Tower |
| 5:34 | Guard Tower |
| 5:36 | Guard Tower |
| 5:41 | Scout Tower |
| 5:46 | Scout Tower |
| 5:48 | Guard Tower |
| 6:02 | Guard Tower |
| 6:08 | Scout Tower |
| 6:10 | Scout Tower |
| 6:11 | Scout Tower |
| 6:12 | Scout Tower |
| 6:16 | Scout Tower |
| 6:18 | Scout Tower |
| 6:21 | Scout Tower |
| 6:29 | Guard Tower |
| 6:52 | Advanced Lumber Harvesting |
| 6:52 | Advanced Masonry |
| 6:55 | Guard Tower |
| 7:03 | Guard Tower |
| 7:07 | Scout Tower |
| 7:23 | Guard Tower |
| 7:28 | Guard Tower |
| 7:44 | Holy Light |
| 7:46 | Guard Tower |
| 7:52 | Scout Tower |
| 7:58 | Scout Tower |
| 8:02 | Scout Tower |
| 8:08 | Scout Tower |
| 8:25 | Scout Tower |
| 8:38 | Guard Tower |
| 8:43 | Scout Tower |
| 8:54 | Scout Tower |
| 9:00 | Scout Tower |
| 9:08 | Scout Tower |
| 9:18 | Castle |
| 9:27 | Guard Tower |
| 9:31 | Scout Tower |
| 9:35 | Scout Tower |
| 9:51 | Guard Tower |
| 9:54 | Scout Tower |
| 9:59 | Guard Tower |
| 10:02 | Scout Tower |
| 10:05 | Guard Tower |
| 10:08 | Scout Tower |
| 10:24 | Scout Tower |
| 10:26 | Guard Tower |
| 11:01 | Scout Tower |
| 11:03 | Scout Tower |
| 11:10 | Guard Tower |
| 11:12 | Scout Tower |
| 11:13 | Scout Tower |
| 11:18 | Scout Tower |
| 11:46 | Imbued Masonry |
| 11:55 | Guard Tower |
| 12:09 | Guard Tower |
| 12:21 | Peasant |
| 12:21 | Peasant |
| 12:31 | Guard Tower |
| 12:38 | Brilliance Aura |
| 13:04 | Divine Shield |
| 13:28 | Guard Tower |
| 13:35 | Guard Tower |
| 14:05 | Guard Tower |
| 14:08 | Scout Tower |
| 15:07 | Guard Tower |
| 16:29 | Scout Tower |
| 16:42 | Altar of Kings |
| 17:02 | Guard Tower |
| 17:06 | Scout Tower |
| 17:10 | Scout Tower |
| 18:11 | Guard Tower |
| 18:39 | Farm |
| 18:40 | Farm |
| 18:41 | Farm |
| 19:47 | Scout Tower |
| 20:25 | Summon Water Elemental |
| 21:16 | Town Hall |
| 21:30 | Town Hall |
| 21:36 | Holy Light |
| 22:17 | Farm |
| 24:28 | Farm |
| 24:49 | Peasant |
| 24:49 | Peasant |
| 25:05 | Peasant |
| 27:08 | Peasant |
| 27:09 | Peasant |
| 29:04 | Peasant |
| 29:04 | Peasant |
| 29:09 | Bash |
| 31:34 | Town Hall |
| 31:57 | Guard Tower |
| Right click | 872 |
| Select | 347 |
| Build/train/purchase | 76 |
| Select group | 37 |
| Resource trade | 36 |
| Use ability | 6 |
| Assign group | 3 |
| Minimap ping | 2 |
| Misc. action | 1 |
| Remove unit | 1 |
| Esc | 1 |
Cabeelibob
(194)
(34:09) : 
| Lesser Clarity Potion | 3 | 210 |
| Orb of Lightning | 1 | 375 |
| Tiny Great Hall | 2 | 1200 |
| Boots of Speed | 1 | 250 |
| Staff of Teleportation | 1 | 150 |
| total: | 8 | 2185g |
| Peon | 21 | 1575 | / | 0 |
| Troll Witch Doctor | 5 | 725 | / | 125 |
| total: | 26 | 2300g | / | 125w |
| Watch Tower | 3 | 330 | / | 240 |
| Altar of Storms | 2 | 360 | / | 100 |
| Orc Burrow | 3 | 480 | / | 120 |
| War Mill | 1 | 205 | / | 0 |
| Great Hall | 1 | 385 | / | 185 |
| Voodoo Lounge | 1 | 130 | / | 30 |
| Spirit Lodge | 1 | 150 | / | 150 |
| Stronghold | 1 | 315 | / | 190 |
| Fortress | 1 | 325 | / | 190 |
| total: | 12 | 2040g | / | 825w |
| 0:04 | Altar of Storms |
| 0:08 | Orc Burrow |
| 0:09 | Peon |
| 0:13 | Peon |
| 0:30 | Peon |
| 0:41 | Peon |
| 0:54 | Peon |
| 1:00 | War Mill |
| 1:16 | Orc Burrow |
| 1:26 | Peon |
| 2:15 | Wind Walk |
| 2:25 | Peon |
| 2:25 | Peon |
| 3:42 | Peon |
| 3:42 | Peon |
| 3:45 | Watch Tower |
| 4:05 | Peon |
| 4:17 | Peon |
| 5:02 | Watch Tower |
| 5:15 | Great Hall |
| 5:25 | Voodoo Lounge |
| 6:08 | Critical Strike |
| 6:20 | Watch Tower |
| 6:35 | Lesser Clarity Potion |
| 7:45 | Boots of Speed |
| 7:46 | Staff of Teleportation |
| 9:11 | Stronghold |
| 11:33 | Fortress |
| 11:38 | Spirit Lodge |
| 12:11 | Lesser Clarity Potion |
| 13:06 | Witch Doctor Adept Training |
| 13:50 | Critical Strike |
| 14:54 | Witch Doctor Master Training |
| 14:57 | Orb of Lightning |
| 15:04 | Tiny Great Hall |
| 17:08 | Altar of Storms |
| 17:10 | Troll Witch Doctor |
| 17:10 | Troll Witch Doctor |
| 17:10 | Troll Witch Doctor |
| 17:11 | Troll Witch Doctor |
| 17:41 | Troll Witch Doctor |
| 18:43 | Orc Burrow |
| 22:44 | Peon |
| 22:44 | Peon |
| 22:54 | Wind Walk |
| 23:25 | Peon |
| 23:58 | Lesser Clarity Potion |
| 27:43 | Tiny Great Hall |
| 28:24 | Critical Strike |
| 30:18 | Peon |
| 30:19 | Peon |
| 30:19 | Peon |
| 30:19 | Peon |
| 30:20 | Peon |
| 30:20 | Peon |
| 33:15 | Bladestorm |
| Right click | 773 |
| Select | 148 |
| Select group | 94 |
| Misc. action | 86 |
| Build/train/purchase | 84 |
| Resource trade | 54 |
| Use ability | 11 |
| Minimap ping | 11 |
| Chat | 6 |
| Item give/drop | 4 |
| Assign group | 1 |
| Remove unit | 1 |
DudeWhy
(236)
(34:07) : 

| Healing Salve | 1 | 100 |
| total: | 1 | 100g |
| Peasant | 16 | 1200 | / | 0 |
| Mortar Team | 6 | 1080 | / | 420 |
| total: | 22 | 2280g | / | 420w |
| Scout Tower | 25 | 750 | / | 500 |
| Arcane Tower | 1 | 70 | / | 50 |
| Guard Tower | 14 | 980 | / | 700 |
| Altar of Kings | 2 | 360 | / | 100 |
| Farm | 11 | 880 | / | 220 |
| Lumber Mill | 1 | 120 | / | 0 |
| Town Hall | 1 | 385 | / | 205 |
| Blacksmith | 1 | 140 | / | 60 |
| Workshop | 1 | 140 | / | 140 |
| Keep | 1 | 320 | / | 210 |
| Castle | 1 | 360 | / | 210 |
| total: | 42 | 2775g | / | 1225w |
| 0:02 | Peasant |
| 0:10 | Peasant |
| 0:19 | Altar of Kings |
| 0:20 | Peasant |
| 0:32 | Farm |
| 0:34 | Peasant |
| 0:48 | Lumber Mill |
| 0:49 | Peasant |
| 0:55 | Peasant |
| 1:00 | Farm |
| 1:08 | Peasant |
| 1:12 | Scout Tower |
| 1:15 | Scout Tower |
| 1:23 | Farm |
| 1:26 | Peasant |
| 1:48 | Arcane Tower |
| 1:49 | Peasant |
| 1:53 | Improved Lumber Harvesting |
| 1:59 | Improved Masonry |
| 2:02 | Scout Tower |
| 2:04 | Peasant |
| 2:22 | Storm Bolt |
| 2:24 | Peasant |
| 2:26 | Scout Tower |
| 2:28 | Peasant |
| 2:31 | Guard Tower |
| 3:31 | Scout Tower |
| 3:33 | Scout Tower |
| 3:34 | Scout Tower |
| 3:38 | Scout Tower |
| 3:41 | Scout Tower |
| 3:51 | Guard Tower |
| 3:52 | Peasant |
| 3:52 | Peasant |
| 3:54 | Advanced Masonry |
| 4:05 | Scout Tower |
| 4:06 | Guard Tower |
| 4:10 | Guard Tower |
| 4:14 | Guard Tower |
| 4:18 | Scout Tower |
| 4:19 | Scout Tower |
| 4:20 | Scout Tower |
| 4:29 | Scout Tower |
| 4:30 | Scout Tower |
| 4:36 | Guard Tower |
| 4:48 | Guard Tower |
| 4:49 | Guard Tower |
| 4:59 | Town Hall |
| 5:05 | Guard Tower |
| 5:10 | Scout Tower |
| 5:11 | Scout Tower |
| 5:11 | Scout Tower |
| 6:03 | Guard Tower |
| 6:05 | Scout Tower |
| 6:05 | Scout Tower |
| 6:06 | Scout Tower |
| 6:07 | Scout Tower |
| 6:24 | Keep |
| 6:30 | Healing Salve |
| 6:41 | Guard Tower |
| 6:44 | Guard Tower |
| 6:56 | Peasant |
| 6:56 | Peasant |
| 7:26 | Guard Tower |
| 7:57 | Scout Tower |
| 7:57 | Scout Tower |
| 7:58 | Scout Tower |
| 8:01 | Bash |
| 8:02 | Bash |
| 8:05 | Bash |
| 8:50 | Castle |
| 8:53 | Blacksmith |
| 8:57 | Guard Tower |
| 9:22 | Farm |
| 9:24 | Farm |
| 9:25 | Farm |
| 10:15 | Imbued Masonry |
| 10:16 | Advanced Lumber Harvesting |
| 11:06 | Holy Light |
| 11:55 | Workshop |
| 11:56 | Black Gunpowder |
| 12:02 | Farm |
| 12:03 | Farm |
| 12:27 | Farm |
| 12:28 | Farm |
| 12:30 | Farm |
| 13:03 | Fragmentation Shards |
| 13:03 | Flare |
| 13:04 | Mortar Team |
| 13:04 | Mortar Team |
| 14:10 | Mortar Team |
| 14:38 | Refined Gunpowder |
| 14:44 | Storm Bolt |
| 15:36 | Mortar Team |
| 16:26 | Imbued Gunpowder |
| 16:27 | Studded Leather Armor |
| 17:18 | Storm Bolt |
| 17:29 | Mortar Team |
| 17:29 | Mortar Team |
| 19:03 | Divine Shield |
| 25:21 | Holy Light |
| 27:34 | Altar of Kings |
| 32:00 | Bash |
| 33:59 | Storm Bolt |
| Right click | 1218 |
| Select group | 475 |
| Select | 263 |
| Use ability | 149 |
| Build/train/purchase | 89 |
| Misc. action | 56 |
| Resource trade | 53 |
| Minimap ping | 26 |
| Assign group | 16 |
| Remove unit | 1 |